 Dungeon Crawl Stone Soup version 0.28-a0-1624-g820543e53a (webtiles) character file.

Game seed: 5143398026346985930

63 HoaS the Twirler (level 3, -2/29 HPs)
             Began as a Demigod Gladiator on Jan 23, 2022.
             Killed by nerve-wracking pain
             ... invoked by Grinder
              (5 damage)
             ... on level 3 of the Dungeon.
             The game lasted 00:06:17 (2124 turns).

HoaS the Twirler (Demigod Gladiator)                Turns: 2124, Time: 00:06:18

Health: -2/29      AC:  8    Str: 19    XL:     3   Next: 63%
Magic:  5/5        EV: 10    Int: 10    God:
Gold:   41         SH:  5    Dex: 15    Spells: 2/2 levels left

rFire   . . .      SeeInvis .   a - +1 quarterstaff
rCold   . . .      Faith    .   (shield currently unavailable)
rNeg    . . .      Spirit   .   i - +0 scale mail
rPois   .          Reflect  +   c - +0 helmet
rElec   .          Harm     .   (no cloak)
rCorr   .          Rampage  .   (no gloves)
Will    .....                   g - +0 pair of boots
Stlth   ..........              h - amulet of reflection
HPRegen 0.09/turn               (no ring)
MPRegen 0.09/turn               (no ring)

@: no status effects
A: high mp 1, forlorn, divine attributes
a: no special abilities


You were on level 3 of the Dungeon.
You visited 1 branch of the dungeon, and saw 3 of its levels.

You collected 41 gold pieces.

Inventory:

Hand Weapons
 a - a +1 quarterstaff (weapon)
Missiles
 d - 3 throwing nets (quivered)
Armour
 c - a +0 helmet (worn)
 g - a +0 pair of boots (worn)
 i - a +0 scale mail (worn)
Jewellery
 h - an amulet of reflection (around neck)
Wands
 k - a wand of polymorph (11)
Potions
 e - 2 potions of cancellation
 j - a potion of heal wounds {unknown}


   Skills:
 - Level 1.7 Fighting
 * Level 3.9 Staves
 - Level 1.7 Throwing
 + Level 1.6 Armour
 - Level 2.6 Dodging


You had 2 spell levels left.
You didn't know any spells.
Your spell library was empty.

Dungeon Overview and Level Annotations

Branches:
Dungeon (3/15)

Annotations:
D:3 Grinder


Innate Abilities, Weirdness & Mutations

You have an increased reservoir of magic. (+10% MP)
You shall have no god before yourself.
Your divine heritage dramatically boosts your attributes as you level up.


Message History

You suddenly lose the ability to move!
Grinder gestures at you. Pain shoots through your body!
You can move again.
As you read the scroll of teleportation, it crumbles to dust.
You feel strangely unstable. Grinder barely misses you.
You hit Grinder.
Grinder is lightly wounded.
Grinder hits you!
You writhe in agony.
You sock Grinder!
Grinder is moderately wounded.
Grinder barely misses you.
You hit Grinder.
Grinder is moderately wounded.
Your surroundings seem slightly different.
Unknown command.
Grinder hits you.
* * * LOW HITPOINT WARNING * * *
You writhe in agony.
* * * LOW HITPOINT WARNING * * *
You barely miss Grinder.
Grinder is moderately wounded.
Grinder blinks!
Blink to where?
Press: ? - help, Dir - move target You can't see that place. [the floor.]
Okay, then.
Blink to where?
Press: ? - help, Dir - move target A kobold comes into view.
It is wielding a +0 dagger.
As you read the scroll of blinking, it crumbles to dust.
You closely miss the kobold. You block the kobold's attack.
You sock the kobold!
You kill the kobold!
Things that are here:
a +0 dagger; a kobold corpse Grinder gestures at you.
Pain shoots through your body!
You die...

#########
#....)5.#
#@#####.#
#.#...#.#### ##
#.#.#......######.
#.#...#.##........
#.##.##.#######...
#.....ยง.# ##..
####.#### ##. #.
#. #5 #.


You could see Grinder.

Vanquished Creatures
  An adder (D:2)
  A worm (D:2)
  3 dart slugs (D:1)
  3 orcs
  2 endoplasms (D:1)
  2 giant cockroaches (D:1)
  6 goblins
  3 hobgoblins
  2 jackals (D:2)
  3 ball pythons
  A bat (D:1)
  6 frilled lizards
  7 kobolds
  2 rats (D:2)
42 creatures vanquished.

Notes
Turn   | Place    | Note
-------+----------+-------------------------------------------
     0 | D:1      | HoaS the Demigod Gladiator began the quest for the Orb.
     0 | D:1      | Reached XP level 1. HP: 17/17 MP: 3/3
   142 | D:1      | Reached skill level 3 in Staves
   406 | D:1      | Reached XP level 2. HP: 21/24 MP: 4/4
   603 | D:1      | Reached skill level 1 in Armour
  1259 | D:2      | Reached XP level 3. HP: 27/29 MP: 5/5
  2104 | D:3      | Noticed Grinder
  2104 | D:3      | Paralysed by Grinder for 4 turns
  2124 | D:3      | Killed from afar by Grinder

Illustrated notes

Levels and vault maps discovered:
D:1:      lightli_arrival_lavapool, layout_loops_ring,
          ebering_ecumenical_altar_mist, kennysheep_crisscross,
          minmay_close_crescents
D:2:      layout_loops_cross
D:3:      cheibrodos_greedy_goblins, layout_loops_corners,
          vehumet_altar_wand_db, uniq_grinder

Skill      XL: |  1  2 |
---------------+-------+-----
Staves         | 3 |  3.9
Armour         | 1 |  1.6
Fighting       | |  1.7
Throwing       | |  1.7
Dodging        | |  2.6

Action                   || total
-------------------------++-------
Melee: Quarterstaff      ||   106
  Use: Scroll            ||     9
Armor: Leather armour    ||    15
       Scale mail        ||     5
Dodge: Dodged            ||    50
Block: Other             ||     8
       Reflection        ||     1

Table legend: (Time is in decaauts)
 A = Elapsed time spent in this place.
 B = Non-inter-level travel time spent in this place.
 C = Inter-level travel time spent in this place.
 D = Time resting spent in this place.
 E = Time spent auto-exploring this place.
 F = Levels seen in this place.
 G = Mean time per level.
                   A        B        C        D        E       F      G
               +--------+--------+--------+--------+--------+-----+--------+
         Total |   2139 |   2018 |    121 |    555 |   1103 |   3 |  713.0 |
       Dungeon |   2139 |   2018 |    121 |    555 |   1103 |   3 |  713.0 |
               +--------+--------+--------+--------+--------+-----+--------+

Top non-repeatable levels by time:
     D:1: 1205 daAuts
     D:2: 780 daAuts
     D:3: 152 daAuts
